 Dungeon Crawl Stone Soup version 0.31.0-1-g2c135a0 (webtiles) character file.

Game seed: 9914878098404564683

1597 jagoly the Chopper (level 8, -1/52 HPs)
             Began as a Gargoyle Monk on Feb 1, 2024.
             Was an Initiate of Gozag.
             Slain by a wyvern (13 damage)
             ... on level 8 of the Dungeon.
             The game lasted 00:38:30 (3156 turns).

jagoly the Chopper (Gargoyle Monk)                  Turns: 3156, Time: 00:38:31

Health: -1/52      AC: 15    Str: 15    XL:     8   Next: 93%
Magic:  8/8        EV: 10    Int: 19    God:    Gozag
Gold:   442        SH:  0    Dex: 12    Spells: 7/7 levels left

rFire   + . .        L - +0 battleaxe
rCold   + . .        (shield currently unavailable)
rNeg    + . .        u - +0 scale mail
rPois   ∞            E - +0 helmet
rElec   +            c - scarf {rC+ rF+}
rCorr   .            w - +0 pair of gloves
SInv    .            (no boots)
Will    .....        (no amulet) Stlth
                     A - +6 ring of intelligence
HPRegen 0.28/turn    (no ring)
MPRegen 0.11/turn

%: no passive effects
@: no status effects
A: sickness immunity, AC +5, negative energy resistance 1, electricity
resistance, torment resistance 1, petrification resistance
a: Renounce Religion, Potion Petition, Call Merchant, Bribe Branch


You were on level 8 of the Dungeon.
You worshipped Gozag.
Gozag was aware of your devotion.
You visited 2 branches of the dungeon, and saw 10 of its levels.

You collected 607 gold pieces.
You spent 165 gold pieces at shops.

Inventory:

Hand Weapons
 a - a +0 hand axe
 n - a +0 spear
 L - a +0 battleaxe (weapon)
Missiles
 r - 2 boomerangs
 z - 38 stones (quivered)
 B - 3 javelins
Armour
 b - a +0 robe
 c - a scarf of resistance (worn)
 d - an orb of light
 g - a +0 leather armour
 i - a +0 ring mail
 u - a +0 scale mail (worn)
 w - a +0 pair of gloves (worn)
 y - the +1 cloak of Urotu {+Blink}
   (You found it on level 4 of the Dungeon)

   +Blink:    It lets you blink.
 E - a +0 helmet (worn)
 M - a +0 leather armour
Magical Staves
 q - a staff of cold
Jewellery
 e - a ring of wizardry
 A - a +6 ring of intelligence (left hand)
 H - a ring of wizardry
Wands
 x - a wand of charming (1)
 P - a wand of digging (6)
Scrolls
 f - a scroll of enchant weapon {unknown}
 l - 4 scrolls of teleportation
 p - a scroll of revelation {unknown}
 s - 3 scrolls of immolation
 t - 2 scrolls of silence
 v - a scroll of poison {unknown}
 C - a scroll of fear {unknown}
 F - 2 scrolls of blinking
 I - a scroll of acquirement {unknown}
 K - a scroll of amnesia
 N - a scroll of fog {unknown}
 O - a scroll of vulnerability {unknown}
Potions
 h - a potion of heal wounds
 j - 2 potions of curing
 k - a potion of brilliance {unknown}
 m - 3 potions of enlightenment
 o - 2 potions of attraction {unknown}
 G - 2 potions of mutation {unknown}
 J - a potion of degeneration {unknown}


   Skills:
 + Level 6.7 Fighting
 * Level 7.4 Axes
 + Level 5.6 Armour
 - Level 3.0 Dodging
 - Level 1.0 Stealth


You had 7 spell levels left.
You didn't know any spells.
Your spell library contained the following spells:

 Spells                   Type           Power      Damage    Failure   Level
 Foxfire                  Conj/Fire      0%         2x1d4     56%         1
 Magic Dart               Conj           0%         1d3       56%         1
 Searing Ray              Conj           0%         2d4       71%         2
 Fulminant Prism          Conj/Alch      0%         3d5       100%        4
 Vhi's Electric Charge    Tloc/Air       0%         N/A       100%        4
 Arcjolt                  Conj/Air       0%         1d10      100%        5
 Plasma Beam              Fire/Air       0%         2x1d10    100%        6
 Starburst                Conj/Fire      0%         6d3       100%        6


Dungeon Overview and Level Annotations

Branches:
Dungeon (9/15) Zot: 26577  Temple (1/1) D:5 Zot: 5897
   Lair: D:8-11         Orc: D:9-12

Altars:
Cheibriados
Dithmenos
Elyvilon
Fedhas
Gozag
Hepliaklqana
Kikubaaqudgha
Makhleb
Nemelex Xobeh
Okawaru
Qazlal
Ru
Sif Muna
Trog
Uskayaw
Wu Jian
Xom
Yredelemnul
Zin
The Shining One

Shops:
D:2 :   D:3 ?   D:4 (   D:8 :

Annotations:
D:4 Edmund
D:7 Maurice


Innate Abilities, Weirdness & Mutations

You are immune to sickness and miasma.
Your stone body is resilient. (AC +5)
You are immune to poison.
You resist negative energy. (rN+)
You are resistant to electric shocks. (rElec)
You are resistant to unholy torment.
You are immune to petrification.


Message History

You open the door.
There is an open door here.
There is a stone staircase leading down here.
You climb downwards.
There is a stone staircase leading up here.
You climb upwards.
There is a stone staircase leading down here.
Found a stone staircase leading up.
There is a stone staircase leading up here.
You open the door.
Found a worn gold wand and a scroll of teleportation.
Found 10 gold pieces.
There is an open door here.
P - a wand of digging (6)
l - 4 scrolls of teleportation (gained 1)
You now have 350 gold pieces (gained 10).
Okay, then.
There is an open door here.
There is a stone staircase leading up here.
There is a stone staircase leading up here.
You climb upwards.
There is a stone staircase leading down here.
You open the door.
There is an open door here.
You open the door.
There is an open door here.
You open the door.
There is an open door here.
Found 3 poisoned darts.
D - 4 poisoned darts (gained 3)
Found 16 stones and a robe.
A wyvern comes into view.
The wyvern hisses angrily.
A phantom comes into view.
Okay, then.
Press: ? - help, v - describe, . - travel
Here: a wyvern The floor.
There are monsters nearby!
Unknown command.
Your movement speed is average.
Your attack delay is about 1.3.
Your damage rating with your +0 battleaxe is about 21 (Base 15 x 112% (Str) x 124% (Skill)).
Your base attributes are Str 15, Int 13, Dex 12.
Unknown command.
Throw: 4 darts (poison)
Press: ? - help, Shift-Dir - straight line, f/p - wyvern
Aim: a wyvern (57% to hit)
You throw a poisoned dart. The poisoned dart hits the wyvern.
The wyvern is poisoned.
Throw: 3 darts (poison)
Press: ? - help, Shift-Dir - straight line, f/p - wyvern
Aim: a wyvern (poisoned, 57% to hit)
You throw a poisoned dart. The poisoned dart hits the wyvern.
The wyvern looks even sicker.
The wyvern barely misses you.
Cleave: L) +0 battleaxe
Press: ? - help, Dir - move target, f/p - wyvern
Aim: a wyvern (lightly wounded, very poisoned, about 44% to evade your +0 battleaxe)
You barely miss the wyvern.
The wyvern is lightly wounded.
The wyvern barely misses you. The wyvern closely misses you.
Cleave: L) +0 battleaxe
Press: ? - help, Dir - move target, f/p - wyvern
Aim: a wyvern (lightly wounded, very poisoned, about 44% to evade your +0 battleaxe)
You hit the wyvern but do no damage.
The wyvern is lightly wounded.
The wyvern bites you but does no damage.
The wyvern bites you!
Cleave: L) +0 battleaxe
Press: ? - help, Dir - move target, f/p - wyvern
Aim: a wyvern (lightly wounded, very poisoned, about 44% to evade your +0 battleaxe)
You closely miss the wyvern.
The wyvern is lightly wounded.
You barely miss the phantom. The wyvern bites you.
The phantom closely misses you. The wyvern completely misses you.
Cleave: L) +0 battleaxe
Press: ? - help, Dir - move target, f/p - wyvern
Aim: a wyvern (lightly wounded, very poisoned, about 44% to evade your +0 battleaxe)
You slash the wyvern!
The wyvern is heavily wounded.
You barely miss the phantom.
The wyvern bites you but does no damage.
The phantom hits you but does no damage.
The wyvern bites you but does no damage.
The phantom barely misses you.
Cleave: L) +0 battleaxe
Press: ? - help, Dir - move target, f/p - wyvern
Aim: a wyvern (heavily wounded, poisoned, about 44% to evade your +0 battleaxe)
You slash the wyvern!
You kill the wyvern!
You hit the phantom.
The phantom hits you but does no damage.
Your Axes skill increases to level 7!
Cleave: L) +0 battleaxe
Press: ? - help, Dir - move target, f - phantom
Aim: a phantom (lightly damaged, about 57% to evade your +0 battleaxe)
You completely miss the phantom.
The phantom is lightly damaged.
The phantom hits you.
Cleave: L) +0 battleaxe
Press: ? - help, Dir - move target, f/p - phantom
Aim: a phantom (lightly damaged, about 57% to evade your +0 battleaxe)
You closely miss the phantom.
The phantom is lightly damaged.
The phantom hits you but does no damage. x2
Cleave: L) +0 battleaxe
Press: ? - help, Dir - move target, f/p - phantom
Aim: a phantom (lightly damaged, about 57% to evade your +0 battleaxe)
You closely miss the phantom.
The phantom is lightly damaged.
The phantom hits you but does no damage.
Cleave: L) +0 battleaxe
Press: ? - help, Dir - move target, f/p - phantom
Aim: a phantom (lightly damaged, about 57% to evade your +0 battleaxe)
Okay, then.
Cleave: L) +0 battleaxe
Press: ? - help, Dir - move target, f/p - phantom
Aim: a phantom (lightly damaged, about 57% to evade your +0 battleaxe)
You closely miss the phantom.
The phantom is lightly damaged.
The phantom barely misses you.
Cleave: L) +0 battleaxe
Press: ? - help, Dir - move target, f/p - phantom
Aim: a phantom (lightly damaged, about 57% to evade your +0 battleaxe)
You closely miss the phantom.
The phantom is lightly damaged.
The phantom hits you but does no damage.
The phantom closely misses you.
Cleave: L) +0 battleaxe
Press: ? - help, Dir - move target, f/p - phantom
Aim: a phantom (lightly damaged, about 57% to evade your +0 battleaxe)
You slash the phantom!
The phantom is severely damaged.
The phantom hits you but does no damage.
Cleave: L) +0 battleaxe
Press: ? - help, Dir - move target, f/p - phantom
Aim: a phantom (severely damaged, about 57% to evade your +0 battleaxe)
You completely miss the phantom.
The phantom is severely damaged.
The phantom hits you but does no damage.
Cleave: L) +0 battleaxe
Press: ? - help, Dir - move target, f/p - phantom
Aim: a phantom (severely damaged, about 57% to evade your +0 battleaxe)
You closely miss the phantom.
The phantom is severely damaged.
The phantom hits you but does no damage.
The phantom hits you.
The phantom blinks!
You blink.
Cleave: L) +0 battleaxe
Press: ? - help, Dir - move target, f/p - phantom
Aim: a phantom (severely damaged, about 57% to evade your +0 battleaxe)
You slash the phantom!
The phantom is almost destroyed.
The phantom closely misses you.
Cleave: L) +0 battleaxe
Press: ? - help, Dir - move target, f/p - phantom
Aim: a phantom (almost destroyed, about 57% to evade your +0 battleaxe)
You hit the phantom.
You destroy the phantom!
You now have 356 gold pieces (gained 6).
You now have 370 gold pieces (gained 14).
D - 3 poisoned darts (gained 1)
D - 4 poisoned darts (gained 1)
Found a leather armour.
z - 30 stones (gained 8)
z - 38 stones (gained 8) Maurice the Thief comes into view.
He is wielding a +2 vampiric short sword, wearing a +0 cloak of preservation and carrying a wand of iceblast.
Press: ? - help, v - describe, . - travel
Here: Maurice, wielding a +2 vampiric short sword, wearing a +0 cloak of preservation and carrying a wand of iceblast The floor.
Maurice gestures wildly while chanting.
Maurice flickers and vanishes!
Deactivating autopickup; reactivate with Ctrl-A.
There is an open door here.
You close the door.
There is an open door here.
Something unseen opens the door.
You close the door.
There is an open door here.
There is a stone staircase leading down here.
You close the door.
You climb downwards.
Reactivating autopickup.
There is a stone staircase leading up here.
You open the door.
Found 40 gold pieces.
There is an open door here.
You now have 392 gold pieces (gained 22).
You now have enough gold to petition Gozag for potion effects.
You now have 410 gold pieces (gained 18).
There is an open door here.
There is a stone staircase leading up here.
There is an open door here.
z - 43 stones (gained 5)
Found an embroidered cloak.
You see here a +1 cloak.
You start removing your armour.
You continue taking off the +1 cloak of Urotu {+Blink}. x4
You finish taking off the +1 cloak of Urotu {+Blink}.
You start putting on your armour.
You continue putting on your scarf of resistance. x5
You finish putting on your scarf of resistance.
You feel resistant to extremes of temperature.
Found a scroll of identify.
You open the door.
Found a stone staircase leading down.
There is an open door here.
Q - a scroll of identify
Okay, then.
Unknown command.
As you read the scroll of identify, it crumbles to dust.
t - 2 scrolls of silence
Found an escape hatch in the ceiling.
You open the door.
There is an open door here.
You open the door.
There is an open door here.
Unknown command.
You open the door.
Found 7 gold pieces.
There is an open door here.
You now have 417 gold pieces (gained 7).
You open the door.
There is an open door here.
Found a scroll of immolation.
A gnoll comes into view. It is wielding a +0 club.
The gnoll shouts!
A gnoll comes into view. It is wielding a +0 club.
A gnoll comes into view. It is wielding a +0 halberd.
The gnoll shouts! x2
A centaur comes into view. It is carrying a wand of flame.
A gnoll comes into view. It is wielding a +0 spear of freezing.
The gnoll moves out of view.
A gnoll bouda comes into view. It is wielding a +0 club.
Press: ? - help, v - describe, . - travel
Here: a centaur, quivering stones and carrying a wand of flame (wandering, hasn't noticed you)
The floor.
Unknown command.
A gnoll comes into view. It is wielding a +0 whip.
The gnoll bouda moves out of view.
There is an open door here.
Throw: 43 stones
Press: ? - help, Q - select action, (/) - cycle Shift-Dir - straight line, f - gnoll
Aim: a gnoll, wielding a +0 club (61% to hit)
You throw a stone. The stone closely misses the gnoll.
Throw: 42 stones
Press: ? - help, Q - select action, (/) - cycle Shift-Dir - straight line, f/p - gnoll
Aim: a gnoll, wielding a +0 club (61% to hit)
You throw a stone. The stone barely misses the gnoll.
Throw: 41 stones
Press: ? - help, Q - select action, (/) - cycle Shift-Dir - straight line, f - gnoll
Aim: a gnoll, wielding a +0 spear of freezing (61% to hit)
You throw a stone. The stone hits the gnoll.
The gnoll is lightly wounded.
Throw: 40 stones
Press: ? - help, Q - select action, (/) - cycle Shift-Dir - straight line, f/p - gnoll
Aim: a gnoll, wielding a +0 spear of freezing (lightly wounded, 61% to hit)
You throw a stone. The stone barely misses the gnoll.
A gnoll opens the door.
Throw: 39 stones
Press: ? - help, Q - select action, (/) - cycle Shift-Dir - straight line, f/p - gnoll
Aim: a gnoll, wielding a +0 spear of freezing (lightly wounded, 61% to hit)
You throw a stone.
The stone hits the gnoll but does no damage.
You hit the gnoll.
The gnoll is lightly wounded.
The gnoll hits you but does no damage. x2; The gnoll barely misses you.
You barely miss the gnoll.
The gnoll is lightly wounded.
The gnoll hits you but does no damage. x2
You slash the gnoll!
You kill the gnoll!
The gnoll barely misses you.
The gnoll hits you with a +0 spear of freezing.
The gnoll barely misses you.
You hit the gnoll.
The gnoll is lightly wounded.
The gnoll hits you but does no damage.
The gnoll hits you from afar with a +0 halberd.
The gnoll hits you but does no damage.
You slash the gnoll!
You kill the gnoll!
The gnoll hits you from afar with a +0 halberd!
The gnoll completely misses you. The gnoll hits you but does no damage.
Things that are here:
5 gold pieces; a +0 spear of freezing You slice the gnoll!!
You kill the gnoll!
You now have enough gold to buy a book of Flames on this level.
You can access your shopping list by pressing '$'.
You now have 422 gold pieces (gained 5).
You now have 435 gold pieces (gained 13).
There is an open door, spattered with blood here.
Things that are here:
a +0 halberd; a +0 club You open the door.
There is an open door here.
Found a stone staircase leading down.
There is an open door here.
There is a stone staircase leading down here.
There is an open door here.
Found a shadowy altar of Dithmenos.
There is an open door here.
What are your orders? t - Shout!
Orders for allies: a - Attack new target. r - Retreat! s - Stop attacking. g - Guard the area. f - Follow me.
Anything else - Cancel.
You shout for attention!
You hear a shout! x2
You swing at nothing.
You swing at nothing.
What are your orders? t - Shout!
Orders for allies: a - Attack new target. r - Retreat! s - Stop attacking. g - Guard the area. f - Follow me.
Anything else - Cancel.
You shout for attention!
You swing at nothing.
You swing at nothing.
You swing at nothing.
You swing at nothing.
You swing at nothing.
You swing at nothing.
You swing at nothing.
You swing at nothing.
There is an open door here.
There is an escape hatch in the ceiling here.
The gnoll shouts!
There is an open door here.
You hit the gnoll.
The gnoll is moderately wounded.
The gnoll barely misses you. The gnoll hits you but does no damage.
You hit the gnoll but do no damage.
The gnoll is moderately wounded.
The gnoll hits you with a +0 club.
You hit the gnoll.
The gnoll is heavily wounded.
The gnoll misses you.
You barely miss the gnoll.
The gnoll is heavily wounded.
The gnoll hits you but does no damage. The gnoll hits you with a +0 club.
You slash the gnoll!
You kill the gnoll!
No target in view!
You now have 442 gold pieces (gained 7).
You see here a +0 club.
There is an open door here.
The gnoll shouts!
The gnoll bouda barks out a call to the hunt!
The gnoll picks up the pace!
You see here a scroll of immolation.
s - 3 scrolls of immolation (gained 1)
A wyvern comes into view.
The wyvern hisses angrily.
The gnoll hits you with a +0 whip.
There is an open door here.
The wyvern is distracted by your dazzling golden aura.
The gnoll hits you with a +0 whip.
There is an escape hatch in the ceiling here.
The gnoll attacks as it pursues you! The gnoll hits you but does no damage.
The wyvern hisses angrily.
There is an open door here.
The gnoll attacks as it pursues you! The gnoll hits you but does no damage.
The gnoll hits you but does no damage. The gnoll attacks as it pursues you!
The gnoll hits you but does no damage.
The gnoll bouda gazes fiercely through you!
You feel your attacks grow feeble. The gnoll attacks as it pursues you!
The gnoll barely misses you. The gnoll closely misses you.
There is an open door, spattered with blood here.
Things that are here:
a +0 halberd; a +0 club You see here a +0 spear of freezing.
You barely miss the gnoll.
Your attacks no longer feel as feeble.
The gnoll closely misses you.
You barely miss the gnoll. The gnoll hits you with a +0 whip.
The gnoll barely misses you.
You completely miss the gnoll.
The gnoll is no longer moving quickly.
The gnoll hits you but does no damage.
You closely miss the gnoll. The gnoll closely misses you.
The gnoll bouda barks out a call to the hunt!
The gnoll picks up the pace!
You closely miss the gnoll. The gnoll misses you.
The gnoll hits you but does no damage.
You hit the gnoll.
The gnoll is lightly wounded.
You slash the gnoll bouda!
The gnoll bouda is moderately wounded.
The gnoll bouda hits you but does no damage.
You hit the gnoll bouda.
The gnoll bouda is heavily wounded.
The gnoll bouda hits you with a +0 club.
You barely miss the gnoll bouda.
The gnoll bouda is heavily wounded.
The gnoll bouda hits you but does no damage. x2
You hit the gnoll bouda but do no damage.
The gnoll bouda is moderately wounded.
The gnoll bouda hits you but does no damage.
You closely miss the gnoll bouda.
The gnoll bouda is moderately wounded.
The gnoll bouda hits you but does no damage.
You slash the gnoll bouda!
You kill the gnoll bouda!
The wyvern bites you!
You barely miss the wyvern. The wyvern bites you!
* * * LOW HITPOINT WARNING * * *
The wyvern bites you!
* * * LOW HITPOINT WARNING * * *
Okay, then.
Press: ? - help, v - describe, . - travel, g - get item
Here: a wyvern
Items here: $ ))) [.
An open door, spattered with blood.
Unknown command.
Press: ? - help, v - describe, . - travel, g - get item
Here: a wyvern
Items here: $ ))) [.
An open door, spattered with blood.
You feel much better.
The gnoll is no longer moving quickly.
The wyvern closely misses you.
Aiming: Charm
Press: ? - help, Shift-Dir - straight line, f - wyvern
Aim: a wyvern (chance to affect: 49%)
Okay, then.
Throw: 4 darts (poison)
Press: ? - help, Shift-Dir - straight line, f - wyvern
Aim: a wyvern (57% to hit)
You throw a poisoned dart. The poisoned dart hits the wyvern.
The wyvern is poisoned.
The wyvern barely misses you.
The wyvern bites you but does no damage.
Throw: 3 darts (poison)
Press: ? - help, Shift-Dir - straight line, f/p - wyvern
Aim: a wyvern (lightly wounded, poisoned, 57% to hit)
You throw a poisoned dart.
The poisoned dart barely misses the wyvern.
The poisoned dart hits the gnoll.
The gnoll is poisoned.
The gnoll is lightly wounded.
The wyvern barely misses you.
Throw: 2 darts (poison)
Press: ? - help, Shift-Dir - straight line, f/p - wyvern
Aim: a wyvern (lightly wounded, poisoned, 57% to hit)
You throw a poisoned dart.
The poisoned dart barely misses the wyvern.
The poisoned dart completely misses the gnoll.
The wyvern bites you but does no damage. x2
Throw: dart (poison)
Press: ? - help, Shift-Dir - straight line, f/p - wyvern
Aim: a wyvern (lightly wounded, poisoned, 57% to hit)
You throw a poisoned dart.
The poisoned dart barely misses the wyvern.
The poisoned dart hits the gnoll.
The gnoll looks even sicker.
The gnoll is moderately wounded.
The wyvern bites you!
Cleave: L) +0 battleaxe
Press: ? - help, Dir - move target, f/p - wyvern
Aim: a wyvern (lightly wounded, poisoned, about 44% to evade your +0 battleaxe)
You closely miss the wyvern.
The wyvern is lightly wounded.
The wyvern closely misses you. The wyvern misses you.
Cleave: L) +0 battleaxe
Press: ? - help, Dir - move target, f/p - wyvern
Aim: a wyvern (moderately wounded, poisoned, about 44% to evade your +0 battleaxe)
You slash the wyvern!
The wyvern is heavily wounded.
The wyvern looks more healthy.
The wyvern misses you. The wyvern bites you.
Cleave: L) +0 battleaxe
Press: ? - help, Dir - move target, f/p - wyvern
Aim: a wyvern (heavily wounded, about 44% to evade your +0 battleaxe)
You closely miss the wyvern.
The wyvern is heavily wounded.
The wyvern bites you.
The wyvern bites you but does no damage.
Cleave: L) +0 battleaxe
Press: ? - help, Dir - move target, f/p - wyvern
Aim: a wyvern (heavily wounded, about 44% to evade your +0 battleaxe)
You slash the wyvern!
The wyvern is almost dead.
The wyvern bites you. The wyvern bites you!
* * * LOW HITPOINT WARNING * * *
Cleave: L) +0 battleaxe
Press: ? - help, Dir - move target, f/p - wyvern
Aim: a wyvern (almost dead, about 44% to evade your +0 battleaxe)
You barely miss the wyvern.
The wyvern is almost dead.
The wyvern barely misses you.
The wyvern bites you but does no damage.
Cleave: L) +0 battleaxe
Press: ? - help, Dir - move target, f/p - wyvern
Aim: a wyvern (almost dead, about 44% to evade your +0 battleaxe)
You barely miss the wyvern.
The wyvern is almost dead.
The wyvern bites you!
* * * LOW HITPOINT WARNING * * *
The wyvern bites you!
You die...
Your body crumbles into a pile of gold.

.................#.....# #...##..
.................#.....###..##...
.................#.....##...#._..
.................#.....#....##...
...............[##...###.#...##..
####............##'#####..#.....
..##.....###....##....#...#...###
8.##.....###....##..>.#..)#......
................@kg...'(<.'......
................##...##...#......
................##...##...#######
..##......##................#
..##......##................#
..........#.................#
..........#.................#
..........#.................#
..........#.................#


You could see a wyvern and a gnoll (poisoned).

Vanquished Creatures
  The ghost of anarkitty the Firebug, a novice TeFE (D:5)
  Grinder (D:3)
  Sigmund (D:3)
  A wyvern (D:7)
  A steam dragon (D:6)
  A black bear (D:7)
  A sky beast (D:6)
  A phantom (D:7)
  A bullfrog (D:7)
  A bombardier beetle (D:4)
  A hound (D:4)
  2 orc priests
  A gnoll bouda (D:8)
  2 iguanas
  Terence (D:3)
  An orc wizard (D:5)
  7 adders
  4 gnolls (D:8)
  A shadow imp (D:6)
  A white imp (D:6)
  3 dart slugs
  16 orcs
  4 bats
  7 endoplasms
  A giant cockroach (D:1)
  A goblin (D:3)
  5 hobgoblins
  4 jackals (D:3)
  4 kobolds
  2 quokkas (D:1)
  5 ball pythons
  2 frilled lizards
  A rat (D:2)
86 creatures vanquished.

Vanquished Creatures (collateral kills)
  A dart slug (D:5)
1 creature vanquished.

Vanquished Creatures (others)
  A wight (D:7)
1 creature vanquished.

Grand Total: 88 creatures vanquished

Notes
Turn   | Place    | Note
-------+----------+-------------------------------------------
     0 | D:1      | jagoly the Gargoyle Monk began the quest for the Orb.
     0 | D:1      | Reached XP level 1. HP: 14/14 MP: 1/1
   121 | D:1      | Reached XP level 2. HP: 13/19 MP: 2/2
   288 | D:2      | Found Ecsech's Book Boutique.
   315 | D:2      | Reached skill level 3 in Axes
   377 | D:2      | Reached skill level 1 in Armour
   377 | D:2      | Reached skill level 1 in Stealth
   377 | D:2      | Reached XP level 3. HP: 5/24 MP: 3/3
   593 | D:1      | Reached XP level 4. HP: 25/29 MP: 4/4
   627 | D:3      | Found Ageg's Magic Scroll Shoppe.
   658 | D:3      | Noticed Terence
   680 | D:3      | Killed Terence
   709 | D:3      | Noticed Sigmund
   789 | D:2      | Reached XP level 5. HP: 31/33 MP: 5/5
   917 | D:5      | Entered Level 5 of the Dungeon
   929 | D:4      | Identified the +1 cloak of Urotu {+Blink}
   950 | D:4      | Found Bacyq's Antique Weapon Boutique.
   996 | D:5      | Found a staircase to the Ecumenical Temple.
  1006 | Temple   | Entered the Ecumenical Temple
  1058 | Temple   | Became a worshipper of Gozag Ym Sagoz the Greedy
  1189 | D:5      | Found an ornate altar of the Wu Jian Council.
  1200 | D:5      | HP: 1/33 [iguana (4)]
  1259 | D:5      | Noticed a black bear
  1268 | D:5      | Reached skill level 4 in Axes
  1344 | D:5      | Found a runed translucent door.
  1358 | D:5      | Noticed anarkitty's ghost (novice TeFE)
  1467 | D:5      | Reached XP level 6. HP: 33/39 MP: 6/6
  1515 | D:4      | Noticed Edmund
  1851 | D:3      | Killed Sigmund
  1852 | D:3      | Reached skill level 5 in Fighting
  1852 | D:3      | Reached skill level 5 in Axes
  1852 | D:3      | Reached XP level 7. HP: 42/44 MP: 7/7
  1977 | D:3      | Bought a scroll of amnesia for 40 gold pieces
  1977 | D:3      | Bought a scroll of blinking for 75 gold pieces
  1977 | D:3      | Bought a scroll of teleportation for 30 gold pieces
  1977 | D:3      | Bought a scroll of identify for 20 gold pieces
  2027 | D:3      | Noticed Grinder
  2072 | D:3      | Killed Grinder
  2245 | D:6      | Noticed a steam dragon
  2271 | D:6      | Killed a steam dragon
  2272 | D:6      | Reached skill level 6 in Axes
  2272 | D:6      | Reached XP level 8. HP: 27/51 MP: 8/8
  2474 | D:5      | Killed anarkitty's ghost
  2613 | D:7      | Reached skill level 5 in Armour
  2744 | D:8      | Found Yvaittov's Book Emporium.
  2813 | D:7      | Noticed a wyvern
  2821 | D:7      | Killed a wyvern
  2822 | D:7      | Reached skill level 7 in Axes
  2853 | D:7      | Noticed Maurice
  3079 | D:8      | Found a shadowy altar of Dithmenos.
  3119 | D:8      | Noticed a wyvern
  3156 | D:8      | Slain by a wyvern

Illustrated notes

Levels and vault maps discovered:
D:1:      wheals_arrival_shading, layout_loops_corners
D:2:      layout_loops_ring, serial_shops, shop, serial_rivers,
          chequers_serial_rivers_marsh, chequers_serial_rivers_small_a,
          chequers_serial_rivers_large_b, chequers_serial_rivers_small_a,
          chequers_serial_rivers_micro_b
D:3:      layout_basic, serial_shops, shop, uniq_grinder, uniq_sigmund,
          uniq_terence
D:4:      layout_loops_ring, mainiacjoe_overflow_alcove_2, serial_shops,
          nicolae_shop_tiny_waterfront, minmay_misc_feat_room,
          nicolae_concentric_dashed_squares_wild, uniq_edmund
D:5:      wander_river, layout_basic, kennysheep_little_box,
          minmay_temple_entry_statues_fountains, gammafunk_ghost_grave,
          uniq_blork_the_orc
D:6:      layout_rooms, roadster_capsule_ark_zombie
D:7:      layout_gridville, st_stairs_14, minmay_fractal_squares_gapless_5,
          uniq_maurice
D:8:      layout_gridville, nicolae_dithmenos_through_a_glass_darkly,
          serial_shops, nicolae_stop_n_shop_2
D:9:      layout_basic, nicolae_specific_store
Temple:   dpeg_five_rooms_temple

Skill      XL: |  1  2  3  4  5  6  7  8 |
---------------+-------------------------+-----
Axes           | 3 4 5 6 7 |  7.4
Armour         | 1 2 3 4 5 |  5.6
Stealth        | 1 |  1.0
Fighting       | 4 5 6 |  6.7
Dodging        | 3 |  3.0

Action                     |  1- 3 |  4- 6 |  7- 9 || total
---------------------------+-------+-------+-------++-------
  Melee: Hand axe          |    69 |   211 |    95 ||   375
         Battleaxe         |       |       |    98 ||    98
  Throw: Stone             |     2 |     5 |     9 ||    16
         Boomerang         |       |     3 |     4 ||     7
         Dart              |       |     2 |     7 ||     9
  Evoke: Wand              |       |     1 |     4 ||     5
    Use: Potion            |       |     1 |     1 ||     2
         Scroll            |       |       |     5 ||     5
 Armour: Leather armour    |    10 |       |       ||    10
         Robe              |     3 |       |       ||     3
         Ring mail         |    19 |    42 |       ||    61
         Scale mail        |       |   123 |   206 ||   329
  Dodge: Dodged            |    34 |   121 |   101 ||   256
